 Dungeon Crawl Stone Soup version 0.25.0-1-g7eea58d (webtiles) character file.

Game seed: 12371193363928186283

113 auberdahn the Bolt Thrower (level 5, -1/27 HPs)
             Began as a Kobold Hunter on June 26, 2020.
             Slain by Natasha (4 damage)
             ... on level 2 of the Dungeon.
             The game lasted 00:02:21 (2042 turns).

auberdahn the Bolt Thrower (Kobold Hunter)          Turns: 2042, Time: 00:02:22

Health: -1/27      AC:  3    Str: 10    XL:     5   Next: 17%
Magic:  5/5        EV: 14    Int: 13    God:
Gold:   11         SH:  0    Dex: 13    Spells: 4/4 levels left

rFire    . . .     SeeInvis .   a - +1 hand crossbow
rCold    . . .     Gourm    .   (shield restricted)
rNeg     . . .     Faith    .   c - +0 leather armour
rPois    .         Spirit   .   (no helmet)
rElec    .         Reflect  .   n - scarf {repulsion}
rCorr    .         Harm     .   (no gloves)
MR       .....                  (no boots)
Stlth    +.........             (no amulet)
HPRegen  0.09/turn              (no ring)
MPRegen  0.09/turn              (no ring)

@: brilliant, repel missiles
A: small, hooves 1, carnivore, clumsy 1, frail 1
a: no special abilities


You were on level 2 of the Dungeon.
You were completely stuffed.

You visited 1 branch of the dungeon, and saw 3 of its levels.

You collected 11 gold pieces.

Inventory:

Hand Weapons
 a - a +1 hand crossbow (weapon)
 b - a +0 short sword
Missiles
 d - 38 bolts (quivered)
 o - 16 sling bullets
 r - 45 stones
Armour
 c - a +0 leather armour (worn)
 n - a scarf of repulsion (worn)
 q - a +0 ring mail
Jewellery
 h - an uncursed amulet of magic regeneration {unknown}
Scrolls
 e - 2 scrolls of fear {unknown}
 g - a scroll of blinking {unknown}
 j - a scroll of amnesia {unknown}
 l - a scroll of teleportation {unknown}
 p - a scroll of enchant weapon {unknown}
 s - a scroll of identify {unknown}
Comestibles
 f - 7 rations {!d}
 m - 8 chunks of flesh


   Skills:
 - Level 2.1 Fighting
 * Level 7.3 Crossbows
 - Level 2.4 Dodging
 - Level 1.3 Stealth


You had 4 spell levels left.
You didn't know any spells.
Your spell library was empty.

Dungeon Overview and Level Annotations

Branches:
Dungeon (3/15)

Altars:
Hepliaklqana
Kikubaaqudgha

Annotations:
D:2 Natasha
D:3 Robin


Innate Abilities, Weirdness & Mutations

You are small and have problems with some larger weapons.
You are carnivorous and can eat meat at any time.
You have large cloven feet.
You are clumsy. (Dex -2)
You are frail. (-10% HP)


Message History

You shoot a bolt. The bolt barely misses Natasha.
Natasha misses you. The crimson imp barely misses you.
Firing (i - inventory. (/) - cycle)
d - 41 bolts (quivered)
Press: ? - help, Shift-Dir - straight line, f/p - Natasha
Aim: Natasha You shoot a bolt.
The bolt hits Natasha.
Natasha is lightly wounded.
Natasha claws you but does no damage. The crimson imp misses you.
Firing (i - inventory. (/) - cycle)
d - 40 bolts (quivered)
Press: ? - help, Shift-Dir - straight line, f/p - Natasha
Aim: Natasha (lightly wounded)
You shoot a bolt. The bolt closely misses Natasha.
Natasha misses you. The crimson imp misses you.
Firing (i - inventory. (/) - cycle)
d - 39 bolts (quivered)
Press: ? - help, Shift-Dir - straight line, f/p - Natasha
Aim: Natasha (lightly wounded)
You shoot a bolt. The bolt hits Natasha!
Natasha is almost dead.
Natasha claws you.
You die...

#.###.# #.......# #......#
#..##.###.......# #......#
##.##.#........## #......#
#..#.#........# #......#
##.#.#........# #......#
#.#.#.......)# #......#
#...#........# #......#
##..#........##################
#.>'..(....(h@5..............#
####........################.#
########## #.# #.# #.# #.# #.#
#.# #.#


You could see Natasha and a crimson imp (summoned).

Vanquished Creatures
  Jessica (D:2)
  Terence (D:2)
  2 adders (D:2)
  A dart slug (D:1)
  A leopard gecko (D:2)
  3 giant cockroaches
  5 goblins
  8 hobgoblins
  A ball python (D:1)
  4 bats
  5 frilled lizards
  5 kobolds
  4 rats
41 creatures vanquished.

Notes
Turn   | Place    | Note
-------+----------+-------------------------------------------
     0 | D:1      | auberdahn the Kobold Hunter began the quest for the Orb.
     0 | D:1      | Reached XP level 1. HP: 12/12 MP: 1/1
    15 | D:1      | Reached skill level 5 in Crossbows
    38 | D:1      | You fall into a shaft and drop 1 floor!
    52 | D:2      | Reached XP level 2. HP: 14/17 MP: 2/2
   134 | D:2      | Noticed Jessica
   136 | D:2      | Killed Jessica
   136 | D:2      | Reached skill level 6 in Crossbows
   136 | D:2      | Reached XP level 3. HP: 21/21 MP: 3/3
   175 | D:2      | Found a faded altar of an unknown god.
   360 | D:2      | Found a hazy altar of Hepliaklqana.
   563 | D:2      | Reached XP level 4. HP: 26/26 MP: 4/4
   596 | D:2      | Found an ancient bone altar of Kikubaaqudgha.
   666 | D:2      | Noticed Terence
   670 | D:2      | Killed Terence
   670 | D:2      | Reached skill level 7 in Crossbows
  1139 | D:1      | Reached XP level 5. HP: 26/30 MP: 5/5
  2018 | D:3      | Noticed Natasha
  2018 | D:3      | Noticed Robin
  2035 | D:2      | Gained mutation: You are frail. (-10% HP) [potion of
                  | mutation]
  2035 | D:2      | Gained mutation: You are clumsy. (Dex -2) [potion of
                  | mutation]
  2035 | D:2      | Gained mutation: You have large cloven feet. [potion of
                  | mutation]
  2042 | D:2      | Slain by Natasha

Illustrated notes

Levels and vault maps discovered:
D:1:      minmay_arrival_four_houses, layout_basic
D:2:      layout_basic, old_standard_altar, lemuel_doored_altar,
          chequers_ecumenical_altar_twisty, uniq_jessica, uniq_terence
D:3:      layout_rooms, lemuel_crystal_altar, led_sif_book,
          minmay_misc_feat_iff, uniq_sigmund, uniq_natasha, uniq_grinder,
          uniq_robin

Skill      XL: |  1  2  3  4 |
---------------+-------------+-----
Crossbows      | 5 6 7 |  7.3
Fighting       | |  2.1
Dodging        | |  2.4
Stealth        | |  1.3

Action                   |  1- 3 |  4- 6 || total
-------------------------+-------+-------++-------
Melee: Short sword       |       |    58 ||    58
 Fire: Hand crossbow     |    37 |    33 ||    70
  Use: Potion            |       |     2 ||     2
  Eat: Chunk             |     7 |     5 ||    12
Armor: Leather armour    |     2 |    23 ||    25
Dodge: Dodged            |     9 |    73 ||    82
